Map: Nightshade LE

Players

Cham

  • Race: Zerg Zerg
  • League: Master
  • Spawn Location: 5:00

soO - Winner!

  • Race: Zerg Zerg
  • Spawn Location: 11:00

VOD

Have the link to the VOD?

Description

Time

  • Played on: Jan. 7, 2020, 6:24 p.m.
  • Length: 8:50
Show
View Real Time Build Order
Export as new Build Order

Cham Zerg 

Build Orders: Hatch First 

Get SALT Encoding   

  12  0:01  Drone  
  13  0:08  Drone  
  14  0:17  Overlord  
  14  0:35  Drone x2  
  16  0:48  Hatchery  
  15  0:52  Drone  
  15  0:56  Drone  
  17  1:06  Drone  
  17  1:11  Extractor  
  17  1:16  Spawning Pool  
  16  1:19  Drone  
  17  1:27  Drone  
  18  1:38  Drone  
  19  1:48  Drone  
  20  2:00  Drone  
  21  2:03  Queen x2  
  21  2:04  Zergling x2  
  26  2:09  Overlord  
  26  2:13  Drone  
  27  2:21  Drone  
  28  2:30  Hatchery  
  28  2:32  Metabolic Boost  
  28  2:35  Drone  
  28  2:37  Drone  
  28  2:39  Drone  
  30  2:47  Baneling Nest  
  30  2:48  Drone  
  30  2:52  Overlord  
  30  2:57  Zergling x4  
  32  3:05  Zergling x4  
  34  3:10  Overlord  
  34  3:13  Zergling x4  
  34  3:15  Zergling x2  
  34  3:17  Zergling x2  
  34  3:19  Zergling x2  
  39  3:22  Zergling x2  
  39  3:26  Zergling x2  
  41  3:31  Baneling x2  
  41  3:32  Drone x2  
  43  3:39  Drone  
  44  3:46  Drone x2  
  44  3:47  Drone x4  
  50  3:51  Drone  
  45  4:05  Drone  
  45  4:06  Drone, Baneling x2  
  45  4:09  Drone x4  
  51  4:14  Lair  
  50  4:17  Zergling x6  
  50  4:19  Zergling x4  
  53  4:26  Zergling x2, Roach Warren  
  53  4:28  Zergling x2  
  53  4:29  Zergling x2  
  53  4:30  Drone  
  54  4:33  Drone  
  54  4:35  Drone x2  
  54  4:38  Overlord  
  57  4:41  Drone  
  58  4:46  Evolution Chamber  
  58  4:47  Drone  
  58  4:49  Overlord x2  
  58  4:53  Baneling  
  58  4:57  Overlord  
  58  5:04  Drone x2  
  58  5:06  Drone x3  
  60  5:08  Extractor  
  60  5:09  Extractor  
  60  5:10  Queen  
  60  5:12  Extractor x2, Baneling  
  60  5:13  Zergling x4, Baneling  
  60  5:17  Zergling x4  
  60  5:26  Zergling x2  
  60  5:28  Zergling x4  
  60  5:31  Drone  
  61  5:38  Zerg Missile Weapons Level 1  
  60  5:43  Drone x5  
  60  5:44  Drone x4  
  60  5:48  Glial Reconstitution  
  68  5:52  Overlord  
  68  5:54  Roach  
  68  5:55  Roach  
  71  6:02  Roach  
  71  6:04  Overlord  
  73  6:06  Roach  
  73  6:10  Roach x2  
  79  6:11  Nydus Network  
  79  6:12  Roach  
  79  6:13  Roach  
  79  6:17  Roach, Overlord  
  79  6:18  Roach  
  86  6:21  Roach x2  
  86  6:24  Roach x3  
  96  6:28  Overlord  
  96  6:30  Roach  
  100  6:33  Roach  
  100  6:39  Roach x3  
  106  6:42  Overlord  
  106  6:43  Roach  
  106  6:44  Roach x2  
  112  6:48  Roach  
  112  6:50  Overlord  
  112  6:52  Roach  
  116  6:57  Overlord  
  116  7:02  Overlord  
  116  7:03  Roach x2  
  116  7:04  Roach  
  116  7:08  Roach x4  
  129  7:13  Roach x3  
  129  7:14  Roach  
  137  7:19  Roach x2  
  137  7:21  Ravager x3  
  144  7:26  Roach x2  
  144  7:28  Roach x2  
  151  7:31  Roach x2  
  151  7:36  Roach x2  
  146  7:38  Roach  
  146  7:40  Roach  
  140  7:45  Ravager, Roach x2  
  140  7:47  Roach  
  140  7:48  Roach  
  140  7:49  Roach  
  142  7:53  Roach  
  142  7:54  Roach  
  142  7:56  Ravager  
  147  7:59  Roach  
  147  8:00  Roach  
  151  8:06  Roach  
  151  8:15  Roach  
  151  8:18  Roach  
  139  8:21  Roach  
  139  8:24  Roach  
  139  8:26  Roach x4  
  125  8:28  Roach  
  125  8:29  Roach x2  
Show
View Real Time Build Order
Export as new Build Order

soO Zerg - Winner!

Build Orders: Hatch First 

Get SALT Encoding   

  12  0:01  Drone  
  13  0:12  Overlord  
  13  0:17  Drone  
  14  0:30  Drone  
  14  0:31  Drone  
  16  0:49  Hatchery  
  15  0:51  Drone  
  15  0:55  Drone  
  17  0:58  Drone  
  18  1:09  Extractor  
  17  1:13  Spawning Pool  
  17  1:17  Drone  
  17  1:20  Drone  
  18  1:30  Drone  
  19  1:38  Drone  
  20  1:49  Overlord  
  20  2:00  Queen  
  20  2:01  Queen  
  22  2:02  Drone x2  
  26  2:11  Drone  
  26  2:12  Drone  
  26  2:13  Metabolic Boost  
  28  2:23  Drone x2  
  30  2:32  Zergling x2  
  30  2:36  Hatchery  
  30  2:38  Drone  
  31  2:44  Queen  
  31  2:48  Overlord  
  33  2:52  Drone  
  34  2:59  Drone, Baneling Nest  
  34  3:01  Drone  
  34  3:05  Drone  
  36  3:08  Drone  
  36  3:09  Drone  
  36  3:11  Zergling x2  
  36  3:12  Zergling x2  
  40  3:14  Drone  
  40  3:19  Overlord  
  41  3:21  Drone  
  41  3:23  Drone  
  43  3:28  Evolution Chamber  
  43  3:29  Drone  
  43  3:32  Drone  
  44  3:41  Zergling x8  
  44  3:42  Baneling x2  
  48  3:49  Zergling x4  
  48  3:50  Baneling x2  
  48  3:52  Queen  
  48  3:53  Zergling x4  
  54  3:58  Zergling x6  
  54  4:02  Zergling x2  
  57  4:05  Zergling x2  
  57  4:07  Zerg Missile Weapons Level 1  
  57  4:10  Baneling  
  57  4:15  Drone  
  57  4:16  Roach Warren  
  57  4:17  Drone  
  58  4:18  Overlord  
  58  4:20  Overlord  
  57  4:29  Overlord  
  57  4:32  Overlord  
  57  4:34  Extractor  
  57  4:35  Extractor  
  57  4:37  Drone x2  
  57  4:38  Drone x2  
  57  4:43  Lair, Drone x2  
  61  4:47  Drone x2  
  61  4:50  Drone  
  61  4:51  Drone  
  61  4:52  Drone  
  66  4:54  Drone  
  66  4:55  Drone  
  68  5:03  Baneling x2  
  68  5:06  Drone x3  
  70  5:09  Drone x4  
  70  5:12  Overlord  
  70  5:13  Drone x2  
  69  5:30  Drone x2  
  71  5:38  Drone x3  
  71  5:39  Roach  
  71  5:40  Roach x4  
  71  5:41  Extractor  
  71  5:42  Roach x2  
  86  5:43  Glial Reconstitution  
  86  5:44  Extractor, Roach  
  86  5:48  Overlord  
  87  5:52  Roach, Baneling x2  
  87  5:53  Zergling x8  
  91  5:58  Roach  
  91  6:03  Overlord  
  93  6:07  Roach x2  
  97  6:17  Drone x3  
  100  6:19  Overlord  
  100  6:20  Overlord  
  100  6:23  Roach x3  
  100  6:24  Roach x3  
  112  6:29  Zerg Missile Weapons Level 2  
  112  6:36  Drone x2  
  112  6:38  Hatchery  
  112  6:43  Roach x6  
  112  6:45  Roach  
  126  6:48  Roach x2  
  126  6:50  Overlord  
  126  6:51  Overlord  
  126  6:53  Overlord  
  130  6:59  Overlord  
  130  7:07  Overlord  
  130  7:12  Roach x8  
  146  7:19  Drone x4  
  146  7:20  Extractor  
  149  7:24  Roach x3  
  149  7:29  Roach x2  
  159  7:30  Roach  
  159  7:36  Roach  
  148  7:39  Roach  
  148  7:40  Roach  
  148  7:41  Roach  
  148  7:42  Roach  
  148  7:44  Roach  
  130  7:49  Roach  
  130  7:50  Roach x3  
  126  7:52  Ravager x4, Roach  
  126  7:54  Roach  
  134  8:01  Roach x4  
  134  8:04  Roach x2  
  142  8:13  Roach x2  
  142  8:14  Roach  
  142  8:18  Roach x2  
  135  8:20  Roach  
  135  8:22  Roach x2  
  135  8:23  Roach  
  135  8:24  Roach  
  135  8:25  Roach x3  
  138  8:27  Roach x2  
  138  8:28  Roach  
Tags
 
Add a new tag
Caveats
  • Supply blocks, unpowered buildings, or Contaminate may cause inaccurate times.
  • Supply counts are checked every 10 seconds.